| TOP OF THE 1ST |
|
Watertown Bucks batting - Pitching for Aberdeen Pheasants : RHP Josh Seymour
|
|
Pitching: RHP Josh Seymour
|
|
|
Batting: SHB Luis Rivera
|
0-0: Called Strike 0-1: Swinging Strike 0-2: Strikes out swinging, 2-3 out at first.
|
|
Batting: RHB Robert Tanzi
|
0-0: Ball 1-0: Swinging Strike 1-1: Ball 2-1: Ball 3-1: Called Strike 3-2: Foul Ball, location: 2F 3-2: Base on Balls
|
|
Batting: RHB Randy Hunt
|
0-0: Called Strike 0-1: Called Strike 0-2: Ball 1-2: Strikes out swinging
|
|
Batting: RHB Richard Plautz
|
0-0: Fly out, F8 (Flyball, 8RS, EV 81.3 MPH)
|
| Top of the 1st over - 0 runs, 0 hits, 0 errors, 1 left on base; Watertown 0 - Aberdeen 0 |
| BOTTOM OF THE 1ST |
|
Aberdeen Pheasants batting - Pitching for Watertown Bucks : LHP William Demo
|
|
Pitching: LHP William Demo
|
|
|
Batting: RHB Thomas Masterson
|
0-0: Ball 1-0: Called Strike 1-1: Called Strike 1-2: Ground out U3 (Groundball, 34, EV 95.0 MPH)
|
|
Batting: RHB Alejandro Luna
|
0-0: Ball 1-0: Ground out 4-3 (Groundball, 4, EV 85.6 MPH)
|
|
Batting: LHB Sergio Leija
|
0-0: Called Strike 0-1: Ground out 6-3 (Groundball, 6, EV 109.4 MPH)
|
| Bottom of the 1st over - 0 runs, 0 hits, 0 errors, 0 left on base; Watertown 0 - Aberdeen 0 |
| TOP OF THE 2ND |
|
Watertown Bucks batting - Pitching for Aberdeen Pheasants : RHP Josh Seymour
|
|
Batting: LHB Bryan Neal
|
0-0: DOUBLE (Groundball, 3L, EV 106.3 MPH)
|
|
Batting: RHB Eugene Cattane
|
0-0: Foul Ball, location: 2F 0-1: Ball 1-1: Ball 2-1: Called Strike 2-2: Foul Ball, location: 2F 2-2: Ground out 4-3 (Groundball, 4, EV 86.3 MPH) Bryan Neal to third
|
|
Batting: LHB Greg Guin
|
0-0: Called Strike 0-1: Ball 1-1: Ball 2-1: Foul Ball, location: 2F 2-2: Foul Ball, location: 2F 2-2: Foul Ball, location: 2F 2-2: Strikes out looking
|
|
Batting: LHB Manuel Vigil
|
0-0: Ball 1-0: Foul Ball, location: 2F 1-1: Ground out 6-3 (Groundball, 56, EV 79.4 MPH)
|
| Top of the 2nd over - 0 runs, 1 hit, 0 errors, 1 left on base; Watertown 0 - Aberdeen 0 |
| BOTTOM OF THE 2ND |
|
Aberdeen Pheasants batting - Pitching for Watertown Bucks : LHP William Demo
|
|
Batting: LHB Rick Leach
|
0-0: Ball 1-0: Called Strike 1-1: Fly out, F6 (Popup, 4MD, EV 48.1 MPH)
|
|
Batting: RHB Mike R Fitzgerald
|
0-0: Ball 1-0: Called Strike 1-1: Called Strike 1-2: Foul Ball, location: 2F 1-2: Ball 2-2: Ball 3-2: Foul Ball, location: 2F 3-2: Fly out, F7 (Flyball, 78M, EV 92.5 MPH)
|
|
Batting: LHB Tim Thompson
|
0-0: Ball 1-0: Ball 2-0: Fly out, F9 (Flyball, 9LD, EV 102.5 MPH)
|
| Bottom of the 2nd over - 0 runs, 0 hits, 0 errors, 0 left on base; Watertown 0 - Aberdeen 0 |
| TOP OF THE 3RD |
|
Watertown Bucks batting - Pitching for Aberdeen Pheasants : RHP Josh Seymour
|
|
Batting: SHB Bruce Hines
|
0-0: Called Strike 0-1: Ball 1-1: Called Strike 1-2: Ball 2-2: Strikes out looking
|
|
Batting: SHB Luis Rivera
|
0-0: Fly out, F8 (Flyball, 8RD, EV 75.0 MPH)
|
|
Batting: RHB Robert Tanzi
|
0-0: Ball 1-0: DOUBLE (Line Drive, 89D, EV 111.3 MPH)
|
|
Batting: RHB Randy Hunt
|
0-0: Ball 1-0: SINGLE (Groundball, 6MD, EV 99.4 MPH) Robert Tanzi to third Runner from 3rd tries for Home, SAFE, throw by CF to home
|
|
Batting: RHB Richard Plautz
|
0-0: Called Strike 0-1: Ground out 3-1 (Groundball, 34S, EV 94.4 MPH)
|
| Top of the 3rd over - 1 run, 2 hits, 0 errors, 1 left on base; Watertown 1 - Aberdeen 0 |
| BOTTOM OF THE 3RD |
|
Aberdeen Pheasants batting - Pitching for Watertown Bucks : LHP William Demo
|
|
Batting: RHB Armando Ramirez
|
0-0: Ground out U3 (Groundball, 34, EV 98.1 MPH)
|
|
Batting: RHB Mike Foote
|
0-0: Called Strike 0-1: Called Strike 0-2: Ball 1-2: Ground out 5-3 (Groundball, 5, EV 85.0 MPH)
|
|
Batting: RHB Diego Martinez
|
0-0: SINGLE (Groundball, 56D, EV 106.3 MPH)
|
|
Batting: RHB Thomas Masterson
|
0-0: Ball 1-0: Called Strike 1-1: Ball 2-1: Ball 3-1: Foul Ball, location: 2F 3-2: SINGLE (Flyball, 3D, EV 91.9 MPH) Diego Martinez to second Diego Martinez to third
|
|
Batting: RHB Alejandro Luna
|
0-0: Ground out 4-3 (Groundball, 34, EV 104.4 MPH)
|
| Bottom of the 3rd over - 0 runs, 2 hits, 0 errors, 2 left on base; Watertown 1 - Aberdeen 0 |
| TOP OF THE 4TH |
|
Watertown Bucks batting - Pitching for Aberdeen Pheasants : RHP Josh Seymour
|
|
Batting: LHB Bryan Neal
|
0-0: Ball 1-0: Foul Ball, location: 2F 1-1: Foul Ball, location: 2F 1-2: Reached on error, E4 (Groundball, 4S, EV 82.5 MPH)
|
|
Batting: RHB Eugene Cattane
|
0-0: Foul Ball, location: 2F 0-1: Fly out, F6 (Flyball, 6MD, EV 88.1 MPH)
|
|
Batting: LHB Greg Guin
|
0-0: Fly out, F8 (Flyball, 8RXD, EV 99.4 MPH)
|
|
Batting: LHB Manuel Vigil
|
0-0: Ball 1-0: Called Strike 1-1: Ball 2-1: Called Strike 2-2: Foul Ball, location: 2F 2-2: Ball 3-2: Foul Ball, location: 2F 3-2: SINGLE (Groundball, 3D, EV 94.4 MPH) Bryan Neal to second Bryan Neal to third
|
|
Batting: SHB Bruce Hines
|
0-0: Ball 1-0: Foul Ball, location: 2F 1-1: Called Strike 1-2: Ball 2-2: Foul Ball, location: 2F 2-2: Foul Ball, location: 2F 2-2: Ground out 6-3 (Groundball, 6, EV 78.8 MPH)
|
| Top of the 4th over - 0 runs, 1 hit, 1 error, 2 left on base; Watertown 1 - Aberdeen 0 |
| BOTTOM OF THE 4TH |
|
Aberdeen Pheasants batting - Pitching for Watertown Bucks : LHP William Demo
|
|
Batting: LHB Sergio Leija
|
0-0: Ball 1-0: Called Strike 1-1: Ball 2-1: SINGLE (Groundball, 4D, EV 102.5 MPH)
|
|
Batting: LHB Rick Leach
|
0-0: Ball 1-0: Ball 2-0: Fielders Choice at 2nd, 2-6 (Groundball, 13S, EV 68.8 MPH)
|
|
Batting: RHB Mike R Fitzgerald
|
0-0: Called Strike 0-1: Swinging Strike 0-2: Ball 1-2: Fielders Choice at 2nd, 5-4 (Groundball, 56, EV 102.5 MPH)
|
|
Batting: LHB Tim Thompson
|
0-0: Ball 1-0: Foul Ball, location: 2F 1-1: Called Strike 1-2: Foul Ball, location: 2F 1-2: Ball 2-2: Fly out, F9 (Line Drive, 9, EV 86.9 MPH)
|
| Bottom of the 4th over - 0 runs, 1 hit, 0 errors, 1 left on base; Watertown 1 - Aberdeen 0 |
| TOP OF THE 5TH |
|
Watertown Bucks batting - Pitching for Aberdeen Pheasants : RHP Josh Seymour
|
|
Batting: SHB Luis Rivera
|
0-0: Called Strike 0-1: Ball 1-1: Ball 2-1: Foul Ball, location: 2F 2-2: Strikes out looking
|
|
Batting: RHB Robert Tanzi
|
0-0: Fly out, F8 (Flyball, 8RS, EV 81.9 MPH)
|
|
Batting: RHB Randy Hunt
|
0-0: Foul Ball, location: 2F 0-1: Called Strike 0-2: Ball 1-2: Ball 2-2: Ball 3-2: Foul Ball, location: 2F 3-2: Fly out, F7 (Flyball, 7, EV 89.4 MPH)
|
| Top of the 5th over - 0 runs, 0 hits, 0 errors, 0 left on base; Watertown 1 - Aberdeen 0 |
| BOTTOM OF THE 5TH |
|
Aberdeen Pheasants batting - Pitching for Watertown Bucks : LHP William Demo
|
|
Batting: RHB Armando Ramirez
|
0-0: Called Strike 0-1: Ground out U3 (Groundball, 34S, EV 79.4 MPH)
|
|
Batting: RHB Mike Foote
|
0-0: Called Strike 0-1: Fly out, F7 (Line Drive, 7, EV 95.0 MPH)
|
|
Batting: RHB Diego Martinez
|
0-0: Fly out, F8 (Flyball, 8RS, EV 84.4 MPH)
|
| Bottom of the 5th over - 0 runs, 0 hits, 0 errors, 0 left on base; Watertown 1 - Aberdeen 0 |
| TOP OF THE 6TH |
|
Watertown Bucks batting - Pitching for Aberdeen Pheasants : RHP Josh Seymour
|
|
Batting: RHB Richard Plautz
|
0-0: Ball 1-0: Swinging Strike 1-1: Called Strike 1-2: Fly out, F4 (Line Drive, 4, EV 67.5 MPH)
|
|
Batting: LHB Bryan Neal
|
0-0: Ball 1-0: Swinging Strike 1-1: Ball 2-1: Swinging Strike 2-2: Fly out, F9 (Flyball, 9, EV 91.9 MPH)
|
|
Batting: RHB Eugene Cattane
|
0-0: Foul Ball, location: 2F 0-1: SINGLE (Groundball, 6D, EV 103.8 MPH)
|
|
Batting: LHB Greg Guin
|
0-0: Called Strike 0-1: Ball 1-1: Foul Ball, location: 2F 1-2: Fly out, F8 (Flyball, 8LXD, EV 103.1 MPH)
|
| Top of the 6th over - 0 runs, 1 hit, 0 errors, 1 left on base; Watertown 1 - Aberdeen 0 |
| BOTTOM OF THE 6TH |
|
Aberdeen Pheasants batting - Pitching for Watertown Bucks : LHP William Demo
|
|
Batting: RHB Thomas Masterson
|
0-0: Fly out, F5 (Flyball, 5D, EV 83.8 MPH)
|
|
Batting: RHB Alejandro Luna
|
0-0: Ground out 5-3 (Groundball, 56, EV 103.1 MPH)
|
|
Batting: LHB Sergio Leija
|
0-0: Ground out 6-3 (Groundball, 6, EV 83.1 MPH)
|
| Bottom of the 6th over - 0 runs, 0 hits, 0 errors, 0 left on base; Watertown 1 - Aberdeen 0 |
| TOP OF THE 7TH |
|
Watertown Bucks batting - Pitching for Aberdeen Pheasants : RHP Josh Seymour
|
|
Batting: LHB Manuel Vigil
|
0-0: Ball 1-0: Called Strike 1-1: Called Strike 1-2: Ball 2-2: Fly out, F4 (Popup, 4MD, EV 53.8 MPH)
|
|
Batting: SHB Bruce Hines
|
0-0: Ball 1-0: Called Strike 1-1: Foul Ball, location: 2F 1-2: Ground out 4-3 (Groundball, 4, EV 96.9 MPH)
|
|
Batting: SHB Luis Rivera
|
0-0: Ball 1-0: Swinging Strike 1-1: Called Strike 1-2: Ball 2-2: Foul Ball, location: 2F 2-2: Strikes out swinging
|
| Top of the 7th over - 0 runs, 0 hits, 0 errors, 0 left on base; Watertown 1 - Aberdeen 0 |
| BOTTOM OF THE 7TH |
|
Aberdeen Pheasants batting - Pitching for Watertown Bucks : LHP William Demo
|
|
Batting: LHB Rick Leach
|
0-0: Called Strike 0-1: Ball 1-1: Ball 2-1: Ball 3-1: Foul Ball, location: 2F 3-2: Ground out 4-3 (Groundball, 4, EV 81.3 MPH)
|
|
Batting: RHB Mike R Fitzgerald
|
0-0: Ball 1-0: Ball 2-0: Ball 3-0: Base on Balls
|
|
Pinch Hitting: RHB Greg Howe
|
0-0: Ground out U3 (Groundball, 34S, EV 70.6 MPH) Mike R Fitzgerald to second
|
|
Batting: RHB Armando Ramirez
|
0-0: Foul Ball, location: 2F 0-1: Foul Ball, location: 2F 0-2: Ball 1-2: Foul Ball, location: 2F 1-2: Fly out, F4 (Flyball, 4D, EV 93.8 MPH)
|
| Bottom of the 7th over - 0 runs, 0 hits, 0 errors, 1 left on base; Watertown 1 - Aberdeen 0 |
| TOP OF THE 8TH |
|
Watertown Bucks batting - Pitching for Aberdeen Pheasants : RHP Josh Seymour
|
|
Now at 1B: Robert McNair
|
|
|
Batting: RHB Robert Tanzi
|
0-0: Called Strike 0-1: Ball 1-1: Ball 2-1: Swinging Strike 2-2: Strikes out swinging
|
|
Batting: RHB Randy Hunt
|
0-0: Ball 1-0: Fly out, F7 (Flyball, 7S, EV 89.4 MPH)
|
|
Batting: RHB Richard Plautz
|
0-0: Foul Ball, location: 2F 0-1: Foul Ball, location: 2F 0-2: Ball 1-2: Ball 2-2: Foul Ball, location: 2F 2-2: Ground out 6-3 (Groundball, 6, EV 83.8 MPH)
|
| Top of the 8th over - 0 runs, 0 hits, 0 errors, 0 left on base; Watertown 1 - Aberdeen 0 |
| BOTTOM OF THE 8TH |
|
Aberdeen Pheasants batting - Pitching for Watertown Bucks : LHP William Demo
|
|
Batting: RHB Mike Foote
|
0-0: Ball 1-0: Called Strike 1-1: Ground out 6-3 (Groundball, 56S, EV 80.6 MPH)
|
|
Batting: RHB Diego Martinez
|
0-0: Ball 1-0: Ground out 6-3 (Groundball, 6S, EV 88.8 MPH)
|
|
Batting: RHB Thomas Masterson
|
0-0: Fly out, F9 (Flyball, 9LS, EV 84.4 MPH)
|
| Bottom of the 8th over - 0 runs, 0 hits, 0 errors, 0 left on base; Watertown 1 - Aberdeen 0 |
| TOP OF THE 9TH |
|
Watertown Bucks batting - Pitching for Aberdeen Pheasants : RHP Josh Seymour
|
|
Batting: LHB Bryan Neal
|
0-0: Ball 1-0: Foul Ball, location: 2F 1-1: Ball 2-1: SINGLE (Groundball, P, EV 78.1 MPH) (infield hit)
|
|
Batting: RHB Eugene Cattane
|
0-0: Grounds into double play, 6-4-3 (Groundball, 6, EV 99.4 MPH)
|
|
Batting: LHB Greg Guin
|
0-0: Called Strike 0-1: Swinging Strike 0-2: Foul Ball, location: 2F 0-2: Ball 1-2: Strikes out looking
|
| Top of the 9th over - 0 runs, 1 hit, 0 errors, 0 left on base; Watertown 1 - Aberdeen 0 |
| BOTTOM OF THE 9TH |
|
Aberdeen Pheasants batting - Pitching for Watertown Bucks : LHP William Demo
|
|
Batting: RHB Alejandro Luna
|
0-0: Swinging Strike 0-1: Ball 1-1: Swinging Strike 1-2: Strikes out swinging
|
|
Batting: LHB Sergio Leija
|
0-0: Called Strike 0-1: Ball 1-1: Ball 2-1: Foul Ball, location: 2F 2-2: Foul Ball, location: 2F 2-2: Ball 3-2: Base on Balls
|
|
Pinch Hitting: RHB Harry McCulla
|
0-0: Ball 1-0: Ball 2-0: Foul Ball, location: 2F 2-1: Ball 3-1: SINGLE (Line Drive, 78S, EV 107.5 MPH) Sergio Leija to second Runner from 2nd tries for 3rd, SAFE, no throw by LF
|
|
Batting: RHB Mike R Fitzgerald
|
0-0: Ball 1-0: 3-RUN HOME RUN (Flyball, 7D, EV 105.0 MPH), Distance : 370 ft
|
| Bottom of the 9th over - 3 runs, 2 hits, 0 errors, 0 left on base; Watertown 1 - Aberdeen 3 |
|